 Dungeon Crawl Stone Soup version 0.22-a0-422-g9628fc8 (webtiles) character file.

33 Jinx the Slasher (level 3, 0/28 HPs)
             Began as a Demonspawn Gladiator on May 16, 2018.
             Succumbed to an adder's poison
             ... on level 2 of the Dungeon.
             The game lasted 00:01:43 (798 turns).

Jinx the Slasher (Demonspawn Gladiator)              Turns: 798, Time: 00:01:44

Health: 0/28       AC:  4    Str: 15    XL:     3   Next: 12%
Magic:  3/3        EV: 12    Int:  9    God:
Gold:   141        SH:  0    Dex: 14    Spells: 2/2 levels left

rFire    . . .     SeeInvis .   a - +0 long sword
rCold    + . .     Gourm    .   (no shield)
rNeg     . . .     Faith    .   b - +0 leather armour
rPois    .         Spirit   .   c - +0 helmet
rElec    .         Reflect  .   (no cloak)
rCorr    .         Harm     .   (no gloves)
MR       .....                  (no boots)
Stlth    ++........             (no amulet)
HPRegen  0.09/turn              (no ring)
MPRegen  0.08/turn              (no ring)

@: lethally poisoned (0 -> -12)
A: cold resistance 1, nightstalker 1
a: no special abilities


You were on level 2 of the Dungeon.
You were not hungry.

You visited 1 branch of the dungeon, and saw 2 of its levels.

You collected 141 gold pieces.

Inventory:

Hand Weapons
 a - a +0 long sword (weapon)
Missiles
 d - 3 throwing nets (quivered)
Armour
 b - a +0 leather armour (worn)
 c - a +0 helmet (worn)
Scrolls
 e - 2 scrolls of enchant armour {unknown}
 g - 2 scrolls of fear {unknown}
 h - 2 scrolls of identify {unknown}
 k - a scroll of blinking {unknown}
 l - a scroll of magic mapping {unknown}
 m - a scroll of amnesia {unknown}
 o - a scroll of teleportation {unknown}
 p - a scroll of remove curse {unknown}
Potions
 i - a potion of berserk rage {unknown}
 j - a potion of might {unknown}
 n - a potion of degeneration {unknown}
Comestibles
 f - 3 rations


   Skills:
 + Level 2.6 Fighting
 * Level 3.5 Long Blades
 - Level 1.7 Throwing
 - Level 2.6 Dodging


You had 2 spell levels left.
You didn't know any spells.
Your spell library was empty.

Dungeon Overview and Level Annotations

Branches:
Dungeon (2/15)

Altars:


Innate Abilities, Weirdness & Mutations

Your flesh is cold resistant. (rC+)
You are slightly more attuned to the shadows.


Message History

* * * LOW HITPOINT WARNING * * *
You miss the adder.
The adder is severely wounded.
* * * LOW HITPOINT WARNING * * *
You feel sick. The adder bites you but does no damage. The hobgoblin hits you.
* * * LOW HITPOINT WARNING * * *
The adder closely misses you. The frilled lizard barely misses you.
You riposte.
You slash the frilled lizard!
You kill the frilled lizard!
The hobgoblin closely misses you.
You barely miss the adder.
The adder is severely wounded.
* * * LOW HITPOINT WARNING * * *
You feel sick. The adder bites you.
* * * LOW HITPOINT WARNING * * *
You are more poisoned.
The adder poisons you! The hobgoblin closely misses you.
The adder barely misses you.
You riposte.
You closely miss the adder.
The adder is severely wounded.
You die...

#.........#
+.........#
##.........####
.........(....#
###..####.....<#
#....$.......#
#............#
#............#
...#..@)#######
.....g.##
######S..# ....#
.......
.....####
....... ........


You could see an adder and a hobgoblin.

Vanquished Creatures
  2 dart slugs (D:1)
  2 leopard geckos (D:1)
  3 bats (D:1)
  2 giant cockroaches (D:1)
  2 hobgoblins (D:1)
  4 jackals (D:1)
  3 frilled lizards
  2 goblins (D:1)
  3 kobolds
  4 rats (D:1)
27 creatures vanquished.

Notes
Turn   | Place    | Note
-------+----------+-------------------------------------------
     0 | D:1      | Jinx the Demonspawn Gladiator began the quest for the Orb.
     0 | D:1      | Reached XP level 1. HP: 16/16 MP: 1/1
   236 | D:1      | Reached skill level 3 in Long Blades
   266 | D:1      | Gained mutation: You are slightly more attuned to the shadows. [demonic ancestry]
   266 | D:1      | Reached XP level 2. HP: 21/22 MP: 2/2
   674 | D:1      | Gained mutation: Your flesh is cold resistant. (rC+) [demonic ancestry]
   674 | D:1      | Reached XP level 3. HP: 26/28 MP: 3/3
   797 | D:2      | HP: 1/28 [adder (1)]
   798 | D:2      | Succumbed to an adder's poison

Vault maps used:
D:1:      scummos_arrival_checkerplants
D:2:      minivault_4, minmay_unequal

Skill      XL: |  1 |
---------------+----+-----
Long Blades    | 3 |  3.5
Fighting       | |  2.6
Throwing       | |  1.7
Dodging        | |  2.6

Action                   || total
-------------------------++-------
Melee: Long sword        ||    83
 Stab: Sleeping          ||     2
Armor: Leather armour    ||    31
Dodge: Dodged            ||    72
       Rpst.: Long sword ||    28

Table legend:
 A = Spawn XP
 B = Non-spawn XP
 C = Spawn XP percentage of total XP
 D = Spawn monster count
 E = Non-spawn monster count
 F = Spawn count percentage of total count
 G = Total turns spent on level
                    A         B        C        D         E        F      G
               +---------+---------+-------+---------+---------+-------+---------
         Total |       0 |      48 |   0.0 |       0 |      27 |   0.0 |   798
               +---------+---------+-------+---------+---------+-------+---------
           D:1 |       0 |      45 |   0.0 |       0 |      25 |   0.0 |   758
           D:2 |       0 |       3 |   0.0 |       0 |       2 |   0.0 |    40
               +---------+---------+-------+---------+---------+-------+---------
